 Dungeon Crawl Stone Soup version 0.26.0-10-g1f06aea511 (webtiles) character file.

Game seed: 2673315029037490486

7758 Dirian the Cleaver (level 11, -16/97 HPs)
             Began as a Hill Orc Fighter on Jan 19, 2021.
             Was a Priest of Beogh.
             Demolished by a boulder beetle (46 damage)
             ... on level 9 of the Dungeon.
             The game lasted 00:15:17 (9614 turns).

Dirian the Cleaver (Hill Orc Fighter)               Turns: 9614, Time: 00:15:18

Health: -16/97     AC: 15    Str: 23    XL:     11   Next: 20%
Magic:  16/16      EV:  7    Int:  8    God:    Beogh [***...]
Gold:   591        SH: 12    Dex: 10    Spells: 10/10 levels left

rFire    . . .     SeeInvis .   a - +1 war axe
rCold    . . .     Faith    .   c - +1 kite shield
rNeg     . . .     Spirit   .   A - +0 chain mail
rPois    .         Reflect  .   v - +1 helmet
rElec    .         Harm     .   g - +0 cloak
rCorr    .         Rampage  .   o - +0 pair of gloves
Will     .....                  (no boots)
Stlth    ..........             e - amulet of regeneration
HPRegen  0.66/turn              (no ring)
MPRegen  0.15/turn              (no ring)

@: no status effects
A: no striking features
a: Renounce Religion, Smiting


You were on level 9 of the Dungeon.
You worshipped Beogh.
Beogh was most pleased with you.
You visited 1 branch of the dungeon, and saw 9 of its levels.
You also visited: Ossuary.

You collected 591 gold pieces.

Inventory:

Hand Weapons
 a - a +1 war axe (weapon)
 b - a +0 hand axe
 B - the +7 whip of Gluttony {freeze, Dex+2}
   (You found it on level 6 of the Dungeon)

   It has been specially enchanted to freeze those struck by it, causing extra
   injury to most foes and up to half again as much damage against particularly
   susceptible opponents.
   It can also slow down cold-blooded creatures.
   It affects your dexterity (+2).
Armour
 c - a +1 kite shield (worn)
 g - a +0 cloak (worn)
 o - a +0 pair of gloves (worn)
 v - a +1 helmet (worn)
 A - a +0 chain mail (worn)
 E - a +0 plate armour
Jewellery
 e - an amulet of regeneration (around neck)
 y - a cursed ring of teleportation {unknown}
 F - an uncursed ring of protection from fire {unknown}
Wands
 s - a wand of polymorph (11)
Scrolls
 i - 2 scrolls of enchant armour
 k - 2 scrolls of fear
 m - 2 scrolls of fog
 p - 2 scrolls of magic mapping
 r - 4 scrolls of identify
 t - 2 scrolls of teleportation
 u - 4 scrolls of enchant weapon
 x - 5 scrolls of remove curse
 z - 2 scrolls of blinking
Potions
 d - 2 potions of attraction
 f - 3 potions of cancellation
 h - a potion of haste
 j - a potion of flight
 l - a potion of lignification
 n - 3 potions of magic
 q - 7 potions of curing
 w - 6 potions of heal wounds
 C - a potion of ambrosia
 D - 2 potions of mutation


   Skills:
 + Level 9.0 Fighting
 + Level 14.0 Axes
 + Level 7.6 Armour
 + Level 8.6 Shields
 * Level 6.8 Invocations


You had 10 spell levels left.
You didn't know any spells.
Your spell library contained the following spells:

 Spells                   Type           Power        Failure   Level
 Confusing Touch          Hex            0%           100%        3
 Gell's Gravitas          Tloc           0%           100%        3
 Petrify                  Tmut/Erth      0%           100%        4
 Metabolic Englaciation   Hex/Ice        0%           100%        5
 Yara's Violent Unravell  Hex/Tmut       0%           100%        5


Dungeon Overview and Level Annotations

Branches:
Dungeon (9/15)             Temple (0/1) D:7         Ossuary (visited)
   Lair: D:8-11         Orc: D:9-12

Altars:
Ashenzari
Gozag
Ru
Trog
Uskayaw
Vehumet


Message History

The boulder beetle is heavily wounded.
You block the boulder beetle's attack.
You hit the boulder beetle but do no damage.
The boulder beetle is moderately wounded.
The boulder beetle barely misses you.
You hit the boulder beetle but do no damage.
The boulder beetle is moderately wounded.
You block the boulder beetle's attack.
You hit the boulder beetle but do no damage.
The boulder beetle is moderately wounded.
The boulder beetle bites you!
You hit the boulder beetle but do no damage.
The boulder beetle is moderately wounded.
The boulder beetle bites you.
* * * LOW HITPOINT WARNING * * *
The boulder beetle curls into a ball and begins rolling!
You slash the boulder beetle!
The boulder beetle is heavily wounded.
The boulder beetle hits you!!!
You die...

### #<# #.# #.# #.#
######### #.#
........# #@#
.......B# #B#
........# #°#
........###°#########
.....................
........###.######...
........# #......#
........# #.####.#
......... ###


You could see a boulder beetle.

Vanquished Creatures
  Harold (D:7)
  2 two-headed ogres (D:8)
  A cyclops (D:8)
  Maggie (D:7)
  Sigmund (D:2)
  A wyvern (D:8)
  Menkaure (D:7)
  A water moccasin (D:6)
  A black bear (D:7)
  A hornet zombie (Ossuary)
  An orc warrior (D:7)
  2 ice beasts
  6 ogres
  3 phantoms
  2 necrophages
  A centaur (D:8)
  An elf zombie (D:5)
  2 big kobolds
  3 bullfrogs
  4 scorpions
  A water moccasin zombie (Ossuary)
  7 wights
  6 howler monkeys
  A hound (D:8)
  A quasit (D:6)
  5 centaur zombies
  2 bullfrog zombies (Ossuary)
  2 gnoll shamans
  2 jellies
  A human zombie (D:5)
  2 iguanas
  4 bullfrog skeletons
  2 orc priests (D:6)
  2 human skeletons (D:5)
  Ijyb (D:5)
  Natasha (thrice) (D:2)
  15 mummies (Ossuary)
  5 orc wizards
  8 worker ants
  2 killer bee zombies (Ossuary)
  2 hound zombies
  A hound skeleton (D:5)
  A howler monkey zombie (Ossuary)
  3 worker ant zombies
  Robin (D:4)
  10 gnolls
  8 adders
  A shadow imp (D:5)
  2 white imps (D:6)
  4 ufetubi
  4 oozes
  2 adder zombies (Ossuary)
  An adder skeleton (D:5)
  2 worms
  2 dart slugs
  5 leopard geckos
  14 orcs
  9 bats
  7 giant cockroaches
  21 goblins
  10 hobgoblins
  13 jackals
  16 kobolds
  3 quokkas
  A ball python (D:1)
  A ball python skeleton (D:4)
  5 frilled lizards
  A giant cockroach zombie (Ossuary)
  A jackal skeleton (D:5)
  2 jackal zombies
  2 leopard gecko zombies (Ossuary)
  2 orc skeletons (D:5)
  A quokka skeleton (D:4)
  7 rats
273 creatures vanquished.

Vanquished Creatures (others)
  An orc priest (D:6)
  2 adders (D:6)
  A jackal skeleton (D:6)
  5 plants (D:2)
  2 withered plants (Ossuary)
11 creatures vanquished.

Grand Total: 284 creatures vanquished

Notes
Turn   | Place    | Note
-------+----------+-------------------------------------------
     0 | D:1      | Dirian the Hill Orc Fighter began the quest for the Orb.
     0 | D:1      | Reached XP level 1. HP: 19/19 MP: 1/1
   134 | D:1      | Reached XP level 2. HP: 24/27 MP: 2/2
   213 | D:1      | Reached skill level 3 in Axes
   369 | D:1      | Reached XP level 3. HP: 27/33 MP: 3/3
   793 | D:2      | Noticed a bullfrog
   808 | D:2      | Killed a bullfrog
   809 | D:2      | Reached skill level 4 in Axes
   809 | D:2      | Reached XP level 4. HP: 15/40 MP: 4/4
  1287 | D:2      | Noticed Natasha
  1301 | D:2      | Killed Natasha
  1302 | D:2      | Reached XP level 5. HP: 12/47 MP: 5/5
  1564 | D:2      | Found an opulent altar of Gozag.
  1627 | D:2      | Noticed Sigmund
  1644 | D:2      | Killed Sigmund
  1645 | D:2      | Reached skill level 5 in Axes
  1645 | D:2      | Reached XP level 6. HP: 24/55 MP: 6/6
  2064 | D:2      | Noticed Natasha
  2073 | D:2      | Killed Natasha
  2074 | D:2      | Reached skill level 6 in Axes
  2169 | D:2      | Reached skill level 5 in Fighting
  2424 | D:2      | Noticed Natasha
  2431 | D:2      | Killed Natasha
  2499 | D:3      | Found a hide-covered altar of Uskayaw.
  2589 | D:3      | Noticed a phantom
  2608 | D:3      | Killed a phantom
  2609 | D:3      | Reached XP level 7. HP: 42/61 MP: 7/7
  3120 | D:3      | Found an opulent altar of Gozag.
  3167 | D:3      | Reached skill level 7 in Axes
  3167 | D:3      | Reached skill level 5 in Armour
  3779 | D:4      | Noticed Robin
  3786 | D:4      | Killed Robin
  3825 | D:4      | Reached skill level 5 in Shields
  4021 | D:4      | Reached skill level 8 in Axes
  4021 | D:4      | Reached XP level 8. HP: 68/70 MP: 8/8
  4520 | D:4      | Found a sacrificial altar of Ru.
  4820 | D:5      | Entered Level 5 of the Dungeon
  4890 | D:5      | Found a sand-covered staircase.
  4898 | Ossuary  | Entered an ossuary
  4921 | Ossuary  | Reached skill level 9 in Axes
  5023 | Ossuary  | Reached skill level 10 in Axes
  5090 | Ossuary  | Reached XP level 9. HP: 78/78 MP: 9/9
  5409 | D:5      | Reached skill level 11 in Axes
  5458 | D:5      | Noticed Ijyb
  5469 | D:5      | Killed Ijyb
  6515 | D:6      | Became a worshipper of Beogh the Brigand
  6590 | D:6      | Reached skill level 1 in Invocations
  6654 | D:6      | Found a broken altar of Ashenzari.
  6691 | D:6      | Got a buzzing whip
  6891 | D:6      | Reached * piety under Beogh
  6915 | D:6      | Found a bloodstained altar of Trog.
  6917 | D:6      | Found a radiant altar of Vehumet.
  7140 | D:6      | Identified the +7 whip of Gluttony {freeze, Dex+2} (You
                  | found it on level 6 of the Dungeon)
  7157 | D:7      | Reached skill level 12 in Axes
  7204 | D:7      | Noticed Menkaure
  7209 | D:7      | Killed Menkaure
  7265 | D:7      | Reached XP level 10. HP: 86/86 MP: 12/12
  7377 | D:7      | Found a staircase to the Ecumenical Temple.
  7693 | D:7      | Reached ** piety under Beogh
  7725 | D:7      | Noticed Maggie
  7761 | D:7      | Killed Maggie
  8490 | D:8      | Noticed Harold
  8531 | D:7      | Killed Harold
  8532 | D:7      | Reached skill level 13 in Axes
  8532 | D:7      | Reached skill level 5 in Invocations
  8795 | D:8      | Noticed a two-headed ogre
  8806 | D:8      | Killed a two-headed ogre
  8908 | D:8      | Noticed a two-headed ogre
  8923 | D:8      | Killed a two-headed ogre
  8924 | D:8      | Reached XP level 11. HP: 95/95 MP: 15/15
  9232 | D:8      | Reached *** piety under Beogh
  9291 | D:8      | Noticed a cyclops
  9314 | D:8      | Killed a cyclops
  9315 | D:8      | Reached skill level 14 in Axes
  9537 | D:9      | Noticed a boulder beetle
  9614 | D:9      | Demolished by a boulder beetle

Illustrated notes

Levels and vault maps discovered:
D:1:      dpeg_arrival_line_fractal, layout_basic
D:2:      cheibrodos_old_hovel, layout_basic, minmay_misc_feat_cross,
          nicolae_gozag_cash_rules_everything_around_me, uniq_sigmund,
          uniq_natasha
D:3:      layout_basic, nicolae_overflow_crystal_walls, general_overflow_altar
D:4:      layout_basic, nicolae_ru_path_of_blood, uniq_robin
D:5:      layout_layer_cave, nicolae_ossuary_entry_catacombs, uniq_ijyb
D:6:      layout_gridville, lemuel_crystal_altar, grunt_temple_overflow_open
D:7:      layout_layer_cave, minmay_temple_entry_butterflies, uniq_maggie,
          uniq_menkaure
D:8:      layout_loops_ring, grunt_ministairs_5, uniq_harold
D:9:      layout_basic, nicolae_underground_beach

Skill      XL: |  1  2  3  4  5  6  7  8  9 10 11 |
---------------+----------------------------------+-----
Axes           | 3 4 5 6 8 10 12 13 14 | 14.0
Fighting       | 4 5 6 7 8 9 |  9.0
Armour         | 4 5 6 7 |  7.6
Shields        | 4 5 6 8 |  8.6
Invocations    | 3 6 |  6.8

Action                   |  1- 3 |  4- 6 |  7- 9 | 10-12 || total
-------------------------+-------+-------+-------+-------++-------
Melee: War axe           |    76 |   139 |   509 |   319 ||  1043
Invok: Convert to Beogh  |       |       |     1 |       ||     1
Evoke: Wand              |       |       |       |     6 ||     6
  Use: Potion            |     1 |     1 |     1 |     4 ||     7
       Scroll            |       |       |    19 |     3 ||    22
Armor: Scale mail        |    44 |    54 |   109 |       ||   207
       Chain mail        |       |       |    66 |    98 ||   164
       Skin              |       |       |       |    16 ||    16
Dodge: Dodged            |    24 |    38 |   109 |    54 ||   225
Block: Kite shield       |    42 |    70 |   200 |   149 ||   461
